 Dungeon Crawl Stone Soup version 0.29.1-15-g9cfb28693d (webtiles) character file.

Game seed: 2921990657909813025

9597 protoss039 the Digger (level 11, -1/186 HPs)
             Began as a Demonspawn Earth Elementalist on Apr 2, 2023.
             Was an Elder of Vehumet.
             Slain by a rust devil (6 damage)
             ... on level 2 of the Abyss.
             The game lasted 00:18:58 (11749 turns).

protoss039 the Digger (DsEE)                       Turns: 11749, Time: 00:18:59

Health: -1/186     AC: -6    Str:  8    XL:     11   Next: 25%
Magic:  0/20       EV:  2    Int: 21    God:    Vehumet [****..]
Gold:   589        SH:  0    Dex: 14    Spells: 17/23 levels left

rFire   . . .      SeeInvis .   I - +6 war axe (venom)
rCold   . . .      Faith    .   (no shield)
rNeg    . . .      Spirit   +   (body armour currently unavailable)
rPois   +          Reflect  .   (helmet currently unavailable)
rElec   .          Harm     .   (cloak currently unavailable)
rCorr   .          Rampage  .   (gloves currently unavailable)
Will    .....      NoTele   +   (boots currently unavailable)
Stlth   ..........              D - amulet of guardian spirit
HPRegen 0.41/turn               j - +4 ring of slaying
MPRegen 0.17/turn               y - +4 ring of slaying

@: berserking, tree-form, corroded, attractive, very quick
A: stationary, stasis, torment immunity, boosted hp, (claws 2), (thin metallic
scales 3), demonic magic 1
a: Renounce Religion


You were on level 2 of the Abyss.
You worshipped Vehumet.
Vehumet was greatly pleased with you.
You were a tree.
You visited 1 branch of the dungeon, and saw 11 of its levels.
You visited the Abyss 1 time.
You also visited: Ossuary.

You collected 644 gold pieces.
You spent 55 gold pieces at shops.

Inventory:

Hand Weapons
 e - a +3 dagger of venom
 i - a +1 short sword of draining
 I - a +6 war axe of venom (weapon)
Armour
 a - a +0 robe (melded)
 g - a +1 cloak (melded)
 r - a +0 pair of boots (melded)
Magical Staves
 o - a staff of poison
Jewellery
 j - a +4 ring of slaying (left branch)
 q - a ring of protection from fire
 y - a +4 ring of slaying (right branch)
 D - an amulet of guardian spirit (around neck)
Wands
 k - a wand of paralysis (12)
 w - a wand of polymorph (4)
 x - a wand of digging (9)
 A - a wand of iceblast (12)
 H - a wand of flame (20)
Scrolls
 c - a scroll of magic mapping {unknown}
 d - 4 scrolls of amnesia
 h - 2 scrolls of teleportation
 l - 2 scrolls of butterflies
 p - 3 scrolls of fear
 z - 2 scrolls of blinking
 J - 2 scrolls of poison
Potions
 b - a potion of magic
 f - 3 potions of might
 m - a potion of invisibility
 n - 3 potions of heal wounds
 s - a potion of berserk rage
 t - 2 potions of mutation
 u - 5 potions of flight
 v - 7 potions of curing
 C - 3 potions of brilliance
 E - 2 potions of resistance
 F - 2 potions of haste
 G - a potion of cancellation
 K - a potion of attraction


   Skills:
 + Level 6.7 Fighting
 * Level 4.3 Short Blades
 + Level 4.3 Armour
 * Level 5.1 Dodging
 * Level 5.9 Stealth
 + Level 6.5 Spellcasting
 + Level 6.3 Conjurations
 - Level 3.0 Transmutations
 + Level 6.9 Earth Magic
 - Level 3.0 Evocations


You had 17 spell levels left.
You knew the following spells:

 Your Spells              Type           Power      Damage    Failure   Level
a - Sandblast             Erth           70%        2d15      1%          1
b - Passwall              Tmut/Erth      22%        N/A       1%          2
c - Stone Arrow           Conj/Erth      68%        3d11      1%          3

Your spell library contained the following spells:

 Spells                   Type           Power      Damage    Failure   Level
 Lightning Bolt           Conj/Air       10%        1d23      17%         5
 Foxfire                  Conj/Fire      80%        2x1d8     1%          1
 Freeze                   Ice            24%        1d5       2%          1
 Conjure Flame            Conj/Fire      20%        6-21      2%          3
 Poisonous Vapours        Pois/Air       12%        N/A       4%          2
 Flame Wave               Conj/Fire      20%        2d7       7%          4
 Hailstorm                Conj/Ice       20%        3d6       7%          4
 Frozen Ramparts          Ice            12%        1d2       8%          3
 Inner Flame              Hex/Fire       6%         N/A       8%          3
 Summon Small Mammal      Summ           24%        N/A       10%         1
 Petrify                  Tmut/Erth      27%        N/A       12%         4
 Call Canine Familiar     Summ           6%         N/A       28%         3
 Confusing Touch          Hex            6%         N/A       28%         3
 Gell's Gravitas          Tloc           6%         N/A       28%         3
 Lesser Beckoning         Tloc           6%         N/A       28%         3
 Summon Guardian Golem    Hex/Summ       6%         N/A       28%         3
 Teleport Other           Tloc           6%         N/A       28%         3
 Yara's Violent Unravell  Hex/Tmut       6%         3d5       32%         5
 Corpse Rot               Necr/Pois/Air  6%         N/A       67%         4
 Enfeeble                 Hex            3%         N/A       100%        7


Dungeon Overview and Level Annotations

Branches:
Dungeon (11/15) Zot: 26961  Temple (0/1) D:7         Ossuary (visited)
   Lair: D:8-11         Orc: D:9-12

Altars:
Ashenzari
Qazlal
Sif Muna
Trog
Uskayaw
Vehumet

Shops:
D:6 *

Annotations:
D:11 Erolcha


Innate Abilities, Weirdness & Mutations

You are a tree.
Your roots penetrate the ground, keeping you stationary.
You cannot be teleported.
You are immune to unholy pain and torment.
Your maximum health is greatly increased.
Your equipment is partially melded.
((You have very sharp fingernails.))
((You are completely covered in thin metallic scales. (AC +4, rElec)))
Spells you cast may paralyse adjacent enemies.


Message History

Casting: Sandblast (safe; 1% risk of failure)
Confirm with . or Enter, or press ? or * to list all spells.
You don't know that spell.
Press: ? - help, v - describe, . - travel
Here: a rust devil The floor.
Your +3 dagger of venom stops dripping with poison.
Your +6 war axe of venom begins to drip with poison!
I - a +6 war axe of venom (weapon)
The rust devil hits you.
* * * LOW HITPOINT WARNING * * *
The rust devil corrodes you!
Unknown command.
You hit the rust devil.
The rust devil is lightly wounded.
The rust devil hits you. The rust devil corrodes you!
You hit the rust devil.
The rust devil is poisoned.
The rust devil is lightly wounded.
The rust devil hits you. The rust devil corrodes you! The rust devil hits you!
* * * LOW HITPOINT WARNING * * *
The rust devil corrodes you!
You hit the rust devil.
The rust devil is lightly wounded.
The rust devil hits you.
* * * LOW HITPOINT WARNING * * *
The rust devil corrodes you!
You barely miss the rust devil.
The rust devil is lightly wounded.
The rust devil hits you.
* * * LOW HITPOINT WARNING * * *
The rust devil corrodes you! The rust devil hits you!
* * * LOW HITPOINT WARNING * * *
The rust devil corrodes you!
You feel better. The rust devil hits you!
* * * LOW HITPOINT WARNING * * *
The rust devil corrodes you!
Unknown command.
A red film seems to cover your vision as you go berserk!
You feel yourself moving faster!
You feel mighty! The rust devil hits you.
You die...

.. ..#. #
.#..#..#
#... ..
...#.# #.##
#..#.#
....#....##
...##....#.#
#......#.#
........#♣.#
#####...4..#
#....#.#
##..##..
#... #..
.... ###
#..## ..#


You could see a rust devil (poisoned).

Vanquished Creatures
  A two-headed ogre (D:10)
  A thrashing horror (Abyss:2)
  Joseph (D:7)
  3 kobold demonologists (D:6)
  A komodo dragon (D:10)
  An efreet (D:9)
  A troll (D:9)
  Grinder (D:5)
  A hornet (D:7)
  Sigmund (D:3)
  2 wraiths
  A vampire (D:9)
  7 yaks
  A steam dragon (D:8)
  An acid dragon (D:9)
  2 sky beasts (D:7)
  A black bear (D:6)
  3 ogres
  4 centaurs
  7 kobold brigands
  A gnoll sergeant (D:7)
  A necrophage (D:8)
  2 bullfrogs
  A water moccasin zombie (Ossuary)
  24 wights
  12 killer bees
  6 howler monkeys (D:9)
  A jelly (D:6)
  6 hounds
  3 orc priests
  3 iguanas
  4 orc wizards
  2 mummies (Ossuary)
  6 gnolls
  6 adders
  An ufetubus (D:6)
  7 adder zombies (Ossuary)
  A dart slug (D:2)
  15 orcs
  9 ball pythons
  2 bats (D:1)
  9 endoplasms
  3 giant cockroaches
  2 gnoll zombies (Ossuary)
  13 goblins
  11 hobgoblins
  4 jackals (D:1)
  5 quokkas
  2 frilled lizards (D:1)
  6 hobgoblin zombies
  34 kobolds
  6 kobold zombies (Ossuary)
  7 orc zombies (Ossuary)
  7 rats
263 creatures vanquished.

Notes
Turn   | Place    | Note
-------+----------+-------------------------------------------
     0 | D:1      | protoss039 the Demonspawn Earth Elementalist began the
                  | quest for the Orb.
     0 | D:1      | Reached XP level 1. HP: 13/13 MP: 3/3
   108 | D:1      | Gained mutation: You have sharp fingernails. [demonic
                  | ancestry]
   108 | D:1      | Reached XP level 2. HP: 9/20 MP: 1/5
   331 | D:1      | Reached skill level 1 in Transmutations
   824 | D:1      | Reached skill level 1 in Fighting
   867 | D:1      | Reached XP level 3. HP: 17/26 MP: 4/6
  1042 | D:1      | Found a broken altar of Ashenzari.
  1369 | D:1      | Learned a level 2 spell: Passwall
  1525 | D:2      | Found a faded altar of an unknown god.
  1533 | D:2      | Reached skill level 1 in Armour
  2047 | D:2      | Learned a level 3 spell: Stone Arrow
  2109 | D:3      | Gained mutation: You are partially covered in thin metallic
                  | scales. (AC +2) [demonic ancestry]
  2109 | D:3      | Reached XP level 4. HP: 15/32 MP: 5/7
  2553 | D:3      | Noticed Sigmund
  2567 | D:3      | Killed Sigmund
  2568 | D:3      | Reached skill level 1 in Conjurations
  2568 | D:3      | Gained mutation: You are mostly covered in thin metallic
                  | scales. (AC +3) [demonic ancestry]
  2568 | D:3      | Reached XP level 5. HP: 24/38 MP: 6/9
  2702 | D:3      | Found a radiant altar of Vehumet.
  2837 | D:3      | Became a worshipper of Vehumet
  2863 | D:3      | Reached XP level 6. HP: 42/44 MP: 10/10
  3553 | D:4      | Found a stormy altar of Qazlal.
  3561 | D:4      | Found a hide-covered altar of Uskayaw.
  4279 | D:5      | Entered Level 5 of the Dungeon
  4321 | D:5      | Gained mutation: You are completely covered in thin
                  | metallic scales. (AC +4, rElec) [demonic ancestry]
  4321 | D:5      | Reached XP level 7. HP: 51/51 MP: 9/11
  4494 | D:5      | Noticed Grinder
  4503 | D:5      | Killed Grinder
  4819 | D:5      | Reached * piety under Vehumet
  4819 | D:5      | Offered knowledge of Shock by Vehumet.
  5585 | D:6      | Gained mutation: Spells you cast may paralyse adjacent
                  | enemies. [demonic ancestry]
  5585 | D:6      | Reached XP level 8. HP: 59/59 MP: 4/14
  5658 | D:6      | Found Yrruduab's General Store.
  5717 | D:6      | Noticed a kobold demonologist
  5717 | D:6      | Noticed a kobold demonologist
  5721 | D:6      | Noticed a hellwing
  5721 | D:6      | Noticed a kobold demonologist
  5722 | D:6      | Killed a kobold demonologist
  5723 | D:6      | Noticed a sun demon
  5728 | D:6      | Noticed an ice devil
  5730 | D:6      | Killed a kobold demonologist
  5730 | D:6      | Killed a kobold demonologist
  5731 | D:6      | Reached skill level 5 in Fighting
  5731 | D:6      | Reached skill level 5 in Spellcasting
  5731 | D:6      | Reached skill level 5 in Earth Magic
  5734 | D:6      | Reached XP level 9. HP: 28/68 MP: 0/16
  6231 | D:6      | Bought a potion of heal wounds for 55 gold pieces
  6467 | D:7      | Reached skill level 5 in Conjurations
  6688 | D:7      | Found a bloodstained altar of Trog.
  6810 | D:7      | Found a shimmering blue altar of Sif Muna.
  6845 | D:7      | Reached skill level 1 in Short Blades
  6950 | D:7      | Noticed Joseph
  6958 | D:7      | Killed Joseph
  6959 | D:7      | Reached skill level 1 in Evocations
  7099 | D:7      | Reached ** piety under Vehumet
  7099 | D:7      | Offered knowledge of Freeze by Vehumet.
  7260 | D:7      | Found a staircase to the Ecumenical Temple.
  7656 | D:8      | Found a sand-covered staircase.
  7682 | Ossuary  | Entered an ossuary
  7860 | Ossuary  | Offered knowledge of Ignite Poison by Vehumet.
  8019 | D:8      | Reached *** piety under Vehumet
  8020 | D:8      | Reached XP level 10. HP: 37/75 MP: 2/18
  9269 | D:9      | Offered knowledge of Dazzling Flash by Vehumet.
  9354 | D:9      | Reached skill level 5 in Stealth
  9648 | D:9      | Found a runed translucent door.
 10373 | D:10     | Entered Level 10 of the Dungeon
 10589 | D:10     | Reached **** piety under Vehumet
 10602 | D:10     | Offered knowledge of Lightning Bolt by Vehumet.
 10823 | D:10     | Gained mutation: You have very sharp fingernails. [demonic
                  | ancestry]
 10823 | D:10     | Reached XP level 11. HP: 73/83 MP: 11/20
 11251 | D:10     | Noticed a two-headed ogre
 11259 | D:10     | Killed a two-headed ogre
 11558 | D:11     | Reached skill level 5 in Dodging
 11563 | D:11     | Noticed Erolcha
 11576 | Abyss:2  | Cast into level 2 of the Abyss (Erolcha)
 11655 | Abyss:2  | Noticed a thrashing horror
 11663 | Abyss:2  | Killed a thrashing horror
 11713 | Abyss:2  | Noticed a starcursed mass
 11717 | Abyss:2  | Noticed a large abomination
 11720 | Abyss:2  | Noticed a thrashing horror
 11727 | Abyss:2  | Noticed a red very ugly thing
 11727 | Abyss:2  | Noticed a red very ugly thing
 11727 | Abyss:2  | Noticed a red very ugly thing
 11728 | Abyss:2  | Noticed a red very ugly thing
 11728 | Abyss:2  | Noticed a red very ugly thing
 11728 | Abyss:2  | Noticed a red very ugly thing
 11729 | Abyss:2  | Noticed a large abomination
 11732 | Abyss:2  | HP: 2/83 [large abomination (30)]
 11748 | Abyss:2  | HP: 3/124 [rust devil (10)]
 11749 | Abyss:2  | Slain by a rust devil

Illustrated notes

Levels and vault maps discovered:
D:1:      sevenhm_arrival_forest_fort_small_6, layout_basic
D:2:      layout_basic, chequers_ecumenical_altar_simple_redux
D:3:      minmay_angry_zag, layout_rooms, vehumet_altar_wand_db, st_stairs_4,
          nicolae_concentric_dashed_squares_mild, uniq_sigmund
D:4:      layout_loops_ring, zin_academy, minitemple, hangedman_decor_push
D:5:      layout_gridville, uniq_grinder
D:6:      layout_rooms, serial_shops, nicolae_shop_stone
D:7:      layout_loops_ring, nicolae_overflow_crystal_walls,
          amcnicky_altar_gilded, minmay_temple_entry_junction_2,
          corexii_corridor_pit, uniq_joseph
D:8:      layout_rooms, enter_ossuary_3
D:9:      layout_gridville, minmay_st_funbox, abandoned_shop
D:10:     layout_long_grid, enter_bailey_3
D:11:     layout_basic, lair_entry_dummy, david_orc_4, demons_altar,
          uniq_harold, uniq_erolcha
Abyss:2:  base: D:5, hangedman_eye_storm

Skill      XL: |  1  2  3  4  5  6  7  8  9 10 11 |
---------------+----------------------------------+-----
Transmutations | 1 2 3 |  3.0
Earth Magic    | 3 4 5 6 |  6.9
Fighting       | 1 2 3 5 6 |  6.7
Stealth        | 2 3 4 5 |  5.9
Armour         | 1 2 3 4 |  4.3
Dodging        | 2 3 4 5 |  5.1
Conjurations   | 1 2 3 4 5 6 |  6.3
Spellcasting   | 3 4 5 6 |  6.5
Short Blades   | 2 3 4 |  4.3
Evocations     | 1 3 |  3.0

Action                   |  1- 3 |  4- 6 |  7- 9 | 10-12 || total
-------------------------+-------+-------+-------+-------++-------
Melee: Dagger            |   100 |    62 |    64 |    55 ||   281
       Punch             |     2 |     1 |     1 |     1 ||     5
       War axe           |       |       |       |     4 ||     4
 Cast: Sandblast         |    22 |    27 |    54 |    51 ||   154
       Stone Arrow       |       |       |    57 |    68 ||   125
       Passwall          |       |       |     2 |       ||     2
Evoke: Wand              |       |       |     9 |     1 ||    10
  Use: Potion            |     4 |       |     3 |     5 ||    12
       Scroll            |       |    10 |    11 |     5 ||    26
 Stab: Sleeping          |     5 |     2 |     6 |     3 ||    16
       Invisible         |     2 |       |       |       ||     2
       Paralysed         |       |       |    17 |    20 ||    37
Armor: Robe              |    17 |    12 |    34 |    39 ||   102
       Skin              |       |       |       |     4 ||     4
Dodge: Dodged            |    78 |    43 |    97 |    79 ||   297
